 Dungeon Crawl Stone Soup version 0.28-a0-8-g6e044cfa68 (webtiles) character file.

Game seed: 17681606645114153162

30 elagabalus the Chopper (level 3, -2/34 HPs)
             Began as a Deep Dwarf Berserker on July 24, 2021.
             Was a Follower of Trog.
             Slain by Sigmund (9 damage)
             ... on level 2 of the Dungeon.
             The game lasted 00:08:09 (869 turns).

elagabalus the Chopper (Deep Dwarf Berserker)        Turns: 869, Time: 00:08:09

Health: -2/34      AC:  2    Str: 21    XL:     3   Next: 5%
Magic:  3/3        EV: 12    Int:  7    God:    Trog [*.....]
Gold:   25         SH:  0    Dex: 12    Spells: 2/2 levels left

rFire   . . .      SeeInvis .   a - +0 hand axe
rCold   . . .      Faith    .   (no shield)
rNeg    . . .      Spirit   .   b - +0 animal skin
rPois   .          Reflect  .   (no helmet)
rElec   .          Harm     .   (no cloak)
rCorr   .          Rampage  .   (no gloves)
Will    .....                   (no boots)
Stlth   +.........              (no amulet)
HPRegen 0.00/turn               (no ring)
MPRegen 0.08/turn               (no ring)

@: on berserk cooldown, slowed, very slow
A: damage resistance, heal wounds, sense surroundings 1, no regeneration
a: Heal Wounds, Renounce Religion, Berserk


You were on level 2 of the Dungeon.
You worshipped Trog.
Trog was aware of your devotion.
You visited 1 branch of the dungeon, and saw 2 of its levels.

You collected 25 gold pieces.

Inventory:

Hand Weapons
 a - a +0 hand axe (weapon)
 g - a +0 mace
Armour
 b - a +0 animal skin (worn)
Scrolls
 c - a scroll of fear {unknown}
 e - 2 scrolls of enchant armour {unknown}
 f - a scroll of torment {unknown}
 h - a scroll of teleportation {unknown}
 j - a scroll of enchant weapon {unknown}
 l - a scroll of vulnerability {unknown}
Potions
 d - a potion of berserk rage {unknown}
 i - a potion of lignification {unknown}
 k - a potion of ambrosia {unknown}


   Skills:
 - Level 3.0 Fighting
 * Level 4.4 Axes
 - Level 2.1 Armour
 - Level 2.1 Dodging


You had 2 spell levels left.
You didn't know any spells.
Your spell library contained the following spells:

 Spells                   Type           Power      Damage    Failure   Level
 Passage of Golubria      Tloc           N/A        N/A       99%         4
 Silence                  Hex/Air        0%         N/A       100%        5
 Lehudib's Crystal Spear  Conj/Erth      0%         10d2      100%        8


Dungeon Overview and Level Annotations

Branches:
Dungeon (2/15)

Altars:

Shops:
D:1 [

Annotations:
D:2 Sigmund


Innate Abilities, Weirdness & Mutations

You are resistant to damage.
You can heal yourself by infusing magical energy.
You passively map a small area around you.
You do not regenerate.


Message History

The kobold throws a stone.
The stone misses you.
There is an open door here.
The bat hits you but does no damage. The bat closely misses you.
Sigmund opens the door.
The bat misses you.
The kobold hits you with a +0 whip of electrocution.
You are electrocuted!
The bat closely misses you. The kobold hits you but does no damage.
You see here a +0 chain mail.
The bat closely misses you. The bat misses you.
The kobold throws a stone.
The stone hits you but does no damage.
Sigmund hits you from afar with a +0 scythe.
The bat closely misses you. The bat hits you but does no damage.
Sigmund barely misses you.
Sigmund hits you from afar with a +0 scythe!
* * * LOW HITPOINT WARNING * * *
There is an open door here.
The bat closely misses you. The bat misses you. The bat hits you.
The bat completely misses you. The bat hits you but does no damage.
The kobold completely misses you.
You slash the bat!
You kill the bat!
Trog accepts your kill.
You hit the kobold.
You kill the kobold!
Trog accepts your kill. The rat bites you but does no damage.
You closely miss the rat. Sigmund misses you. The rat bites you.
Sigmund barely misses you. The rat barely misses you.
You hit the rat.
The rat is heavily wounded.
Sigmund misses you. The rat barely misses you.
Sigmund hits you from afar with a +0 scythe.
* * * LOW HITPOINT WARNING * * *
You barely miss the rat. The rat closely misses you.
Sigmund hits you from afar with a +0 scythe.
The rat bites you.
You closely miss the rat.
Sigmund hits you from afar with a +0 scythe!
You die...

, ###.....###.##.#.#
....###.....####!##.#.######
r..###.....###.#.##.#.#.....
,..###.....###..#†...........
.###.....###...†.##.#.>#....
######'####....#.##.#.###...
##.#.....#.....#.##.#..#....
#..#..[.w#)...##..#.#.......
, ,+.(.[b@r@.###....#.#.#...
...#..=..#..####..###.......
K..#.....#.###.#.#.# ...>...
..####+######..#.##.. ,,.. ,
.###.....###...+.# #. **##
###.....###....#... ,
##.....###.....#.##
#.....###.....##.# , * , ,


You could see Sigmund, a dart slug, a bat and a rat.

Vanquished Creatures
  A worm (D:2)
  3 bats
  4 hobgoblins
  9 jackals
  A kobold (D:2)
  A quokka (D:2)
  2 ball pythons
  A frilled lizard (D:1)
  2 rats (D:1)
24 creatures vanquished.

Notes
Turn   | Place    | Note
-------+----------+-------------------------------------------
     0 | D:1      | elagabalus the Deep Dwarf Berserker began the quest for the
                  | Orb.
     0 | D:1      | Reached XP level 1. HP: 20/20 MP: 1/1
   181 | D:1      | Reached XP level 2. HP: 26/28 MP: 2/2
   632 | D:1      | Found Qosodauc's Armour Shop.
   688 | D:2      | Found a faded altar of an unknown god.
   698 | D:2      | Reached skill level 4 in Axes
   844 | D:2      | Noticed Sigmund
   851 | D:2      | Reached XP level 3. HP: 34/34 MP: 3/3
   869 | D:2      | Slain by Sigmund

Illustrated notes

Levels and vault maps discovered:
D:1:      wander_arrival_estate, layout_basic, serial_shops,
          nicolae_lakefront_shop, st_stairs_7, hangedman_decor_points
D:2:      layout_loops_ring, shapermc_ecumenical_altar_starsandcircs,
          basic_altar, minmay_quadrilaterals, uniq_sigmund

Skill      XL: |  1  2 |
---------------+-------+-----
Fighting       | 3 |  3.0
Axes           | 4 |  4.4
Armour         | |  2.1
Dodging        | |  2.1

Action                   || total
-------------------------++-------
Melee: Hand axe          ||    59
Invok: Berserk           ||     6
Armor: Animal skin       ||    18
Dodge: Dodged            ||    55

Table legend: (Time is in decaauts)
 A = Elapsed time spent in this place.
 B = Non-inter-level travel time spent in this place.
 C = Inter-level travel time spent in this place.
 D = Time resting spent in this place.
 E = Time spent auto-exploring this place.
 F = Levels seen in this place.
 G = Mean time per level.
                   A        B        C        D        E       F      G
               +--------+--------+--------+--------+--------+-----+--------+
         Total |    918 |    289 |    629 |      0 |      0 |   2 |  459.0 |
       Dungeon |    918 |    289 |    629 |      0 |      0 |   2 |  459.0 |
               +--------+--------+--------+--------+--------+-----+--------+

Top non-repeatable levels by time:
     D:1: 704 daAuts
     D:2: 214 daAuts
